 Dungeon Crawl Stone Soup version 0.24.0-35-gdb84b6a5db (webtiles) character file.

Game seed: 11486427329538996403, levelgen mode: deterministic

121 FishyPogo the Insei (level 4, -1/37 HPs)
             Began as a Draconian Transmuter on Nov 17, 2019.
             Succumbed to a worker ant's poison
             ... on level 3 of the Dungeon.
             The game lasted 00:08:51 (1849 turns).

FishyPogo the Insei (Draconian Transmuter)          Turns: 1849, Time: 00:08:51

Health: -1/37      AC:  7    Str: 17    XL:     4   Next: 77%
Magic:  6/7        EV: 12    Int: 14    God:
Gold:   90         SH:  0    Dex: 12    Spells: 4/8 levels left

rFire    + . .     SeeInvis .     - Unarmed
rCold    + . .     Gourm    .   (no shield)
rNeg     . . .     Faith    .   (armour unavailable)
rPois    +         Spirit   .   (helmet restricted)
rElec    +         Reflect  .   (no cloak)
rCorr    +         Harm     .   j - +1 pair of gloves
MR       .....                  (boots currently unavailable)
Stlth    +.........             (no amulet)
HPRegen  0.12/turn              b - ring of wizardry
MPRegen  0.10/turn              (no ring)

@: mighty, lethally poisoned (-1 -> -33), appendage (expiring), resistant
A: unfitting armour, talons 3, cold-blooded, AC +5
a: End Transformation


You were on level 3 of the Dungeon.
You were not hungry.
You had grown temporary talons.
You visited 1 branch of the dungeon, and saw 3 of its levels.

You collected 90 gold pieces.

Inventory:

Missiles
 a - 27 arrows
 e - 45 stones (quivered)
Armour
 j - a +1 pair of gloves (worn)
Jewellery
 b - a ring of wizardry (left hand)
Wands
 o - a wand of flame (17)
Scrolls
 h - a scroll of fear {unknown}
 l - a scroll of teleportation {unknown}
 m - a scroll of enchant weapon {unknown}
 n - a scroll of enchant armour
Potions
 f - a potion of haste {unknown}
 g - a potion of agility {unknown}
 i - a potion of mutation {unknown}
 k - a potion of lignification {unknown}
 p - a potion of curing {unknown}
Comestibles
 c - 4 rations
 d - 3 chunks of flesh


   Skills:
 + Level 2.7 Fighting
 + Level 2.5 Dodging
 - Level 3.0 Unarmed Combat
 + Level 2.5 Spellcasting
 + Level 2.7 Transmutations
 * Level 1.9 Poison Magic


You had 4 spell levels left.
You knew the following spells:

 Your Spells              Type           Power        Failure   Level  Hunger
u - Spider Form           Tmut/Pois      #.........   11%         3    ###....
y - Beastly Appendage     Tmut           #.....       3%          1    #......

Your spell library contained the following spells:

 Spells                   Type           Power        Failure   Level  Hunger
 Sticks to Snakes         Tmut           #.......     4%          2    ###....
 Ice Form                 Ice/Tmut       #.......     43%         4    #####..
 Blade Hands              Tmut           #.........   58%         5    ######.


Dungeon Overview and Level Annotations

Branches:
Dungeon (3/15)

Altars:


Innate Abilities, Weirdness & Mutations

Your plain brown scales are hard. (AC +5)
You cannot fit into any form of body armour.
You are cold-blooded and may be slowed by cold attacks.
You have claws for feet.


Message History

* * * LOW HITPOINT WARNING * * *
You are more poisoned.
The worker ant poisons you!
You closely miss the worker ant. You claw the worker ant.
The worker ant is almost dead.
* * * LOW HITPOINT WARNING * * *
You feel sick. The worker ant bites you.
* * * LOW HITPOINT WARNING * * *
You are more poisoned.
The worker ant poisons you!
It was a potion of resistance.
You feel protected.
* * * LOW HITPOINT WARNING * * *
You feel very sick. The worker ant closely misses you.
The worker ant bites you but does no damage.
It was a potion of might.
You feel very mighty all of a sudden.
You hear the slow rusting of a very distant drain.
You die...

#.. ... #..#
#.. #...# #.#
#..#.###.#
l####.. #.#<#
.#
.......###.##
.#
..%........#
.#
##.#a##.####.#
#@..).÷.#.#
#..#.##.#.#
#....#...÷#.#
#...........#
###.........#
####.#.......
#.#.##.###
#.... ...
###.##.###


You could see a worker ant.

Vanquished Creatures
  Terence (D:3)
  5 adders
  3 worms (D:2)
  A dart slug (D:1)
  3 leopard geckos
  A ball python (D:2)
  A giant cockroach (D:2)
  2 goblins (D:3)
  4 hobgoblins
  6 kobolds
  A quokka (D:2)
  7 bats
  3 frilled lizards
  2 rats (D:2)
40 creatures vanquished.

Notes
Turn   | Place    | Note
-------+----------+-------------------------------------------
     0 | D:1      | FishyPogo the Draconian Transmuter began the quest for the
                  | Orb.
     0 | D:1      | Reached XP level 1. HP: 16/16 MP: 3/3
   268 | D:1      | You fall into a shaft and drop 1 floor!
   309 | D:2      | Reached XP level 2. HP: 23/24 MP: 3/5
   905 | D:1      | Reached XP level 3. HP: 16/29 MP: 4/6
   911 | D:1      | Learned a level 3 spell: Spider Form
  1509 | D:2      | Reached skill level 1 in Poison Magic
  1509 | D:2      | Reached XP level 4. HP: 31/37 MP: 5/7
  1800 | D:3      | Noticed Terence
  1807 | D:3      | Killed Terence
  1849 | D:3      | Succumbed to a worker ant's poison

Levels and vault maps discovered:
D:1:      giann_wishing_wells, layout_basic
D:2:      minmay_door_path, layout_loops_ring, first_ration,
          chequers_decorated_corner
D:3:      layout_loops_ring, portal_sewer_entry_e, uniq_robin, uniq_terence,
          uniq_grinder

Skill      XL: |  1  2  3 |
---------------+----------+-----
Dodging        | 2 |  2.5
Fighting       | 2 |  2.7
Poison Magic   | 1 |  1.9
Unarmed Combat | |  3.0
Spellcasting   | |  2.5
Transmutations | |  2.7

Action                   |  1- 3 |  4- 6 || total
-------------------------+-------+-------++-------
Melee: Unarmed           |   111 |    38 ||   149
       Kick              |    16 |     6 ||    22
       Tailslap          |     7 |     2 ||     9
       Headbutt          |     3 |     1 ||     4
 Cast: Beastly Appendage |    23 |     7 ||    30
       Spider Form       |     3 |     1 ||     4
  Use: Potion            |       |     2 ||     2
       Scroll            |       |     1 ||     1
 Stab: Sleeping          |     2 |       ||     2
  Eat: Chunk             |     3 |     1 ||     4
Armor: Skin              |    26 |     6 ||    32
Dodge: Dodged            |    66 |    16 ||    82
